 Dungeon Sprint DCSS version 0.21.1-72-gffa868e0fe (webtiles) character file.

2180 Osmon the Bludgeoner (level 9, -4/95 (96) HPs)
             Began as a Minotaur Berserker on Aug 3, 2018.
             Was a High Priest of Trog.
             Slain by a death drake (8 damage)
             ... in the Dungeon (Sprint II: "The Violet Keep of Menkaure").
             The game lasted 00:08:49 (850 turns).

Osmon the Bludgeoner (Minotaur Berserker)            Turns: 850, Time: 00:08:52

HP:   -4/95 (96)    AC: 16    Str: 25    XL:     9   Next: 11%
MP:   8/8           EV: 10    Int:  2    God:    Trog [*****.]
Gold: 207           SH:  0    Dex: 10    Spells: 8/8 levels left

rFire    + . .     SeeInvis .   a - +0 mace
rCold    . . .     Gourm    .   (no shield)
rNeg     . . .     Faith    .   e - +3 plate armour {rF+}
rPois    .         Spirit   .   (helmet restricted)
rElec    .         Reflect  .   (no cloak)
rCorr    .         Harm     .   (no gloves)
MR       .....     NoTele   +   (no boots)
Stlth    ..........             (no amulet)
HPRegen  0.00/turn              (no ring)
MPRegen  0.11/turn              (no ring)

@: lethally poisoned (-4 -> -122), berserk cooldown, non-regenerating, diseased,
slowed, very slow
A: retaliatory headbutt, horns 2, dopey 1, high mp 1, regeneration 1, evolution
1
a: Berserk, Trog's Hand, Brothers in Arms, Burn Spellbooks, Renounce Religion


You were in the Dungeon.
You worshipped Trog.
Trog was extremely pleased with you.
You were not hungry.

You visited 1 branch You collected 1134 gold pieces.
You spent 927 gold pieces at shops.

Inventory:

Hand Weapons
 a - a +0 mace (weapon)
Armour
 b - a +0 animal skin
 e - a +3 plate armour of fire resistance (worn)
Scrolls
 i - a scroll of blinking
Potions
 d - a potion of curing
 f - a potion of heal wounds
 g - 2 potions of magic
 h - a potion of berserk rage
 j - a potion of might
Comestibles
 c - a ration


   Skills:
 + Level 14.6 Fighting
 + Level 15.3 Maces & Flails
 + Level 7.6 Armour
 + Level 9.1 Dodging


You had 8 spell levels left.
You didn't know any spells.

Dungeon Overview and Level Annotations

Branches:
Dungeon (1/1)

Altars:
Dithmenos
Elyvilon
Fedhas
Gozag
Kikubaaqudgha
Makhleb
Nemelex Xobeh
Okawaru
Ru
Sif Muna
Trog
Uskayaw
Vehumet
Xom
Yredelemnul
Zin
Jiyva
Lugonu

Shops:
D !*:!([*=?%=[%}:!

Annotations:
D exclusion: oklob plant


Innate Abilities, Weirdness & Mutations

You reflexively headbutt those who attack you in melee.
You have a pair of horns on your head.
You are dopey. (Int -2)
You have an increased reservoir of magic. (+10% MP)
Your natural rate of healing is unusually fast.
You evolve.


Message History

* * * LOW HITPOINT WARNING * * *
The death drake hisses angrily.
* * * LOW HITPOINT WARNING * * *
You feel very sick. The death drake breathes miasma at you.
The foul vapour engulfs you! The death drake breathes miasma at you.
The foul vapour engulfs you!
You are more poisoned.
You feel as though you will be slow longer.
* * * LOW HITPOINT WARNING * * *
The death drake bites you.
* * * LOW HITPOINT WARNING * * *
You feel much better.
You are engulfed in dark miasma.
You are more poisoned.
You feel your flesh rotting away!
* * * LOW HITPOINT WARNING * * *
You feel extremely sick.
The death drake is engulfed in a cloud of scalding steam.
The death drake bites you!
You die...

≈≈.# .. ####.# .# ≈≈####
##.####..%.##.# ≈≈#..##.#
...#..#...#
####...####..#####..#
#.###'###.##..#..'..#
##.##.##...#..#..#§.# #
.##'.<.'###'..####§.##.#
...##.##...#.§§.###k..##▓▓
#.###'###.##§.§§@k8k≈≈≈≈≈≈≈
####.).####≈§§§§§k≈#+######
≈≈#..#..#≈§§§§§§§§≈#_._._..
#≈##. .##≈§≈§§§§≈§≈#._._._.
≈≈## ##≈≈≈≈§≈≈≈≈≈≈#_._._._
≈≈ ≈≈≈≈§≈≈≈≈§≈≈#._._._. ++
++#≈≈≈≈≈≈≈≈≈#.._._._
##≈§§###≈≈#..._._


You could see 2 death drakes, a crystal guardian and 2 swamp drakes.

Vanquished Creatures
  2 slime creatures (D)
  A merfolk siren (D)
  2 tyrant leeches (D)
  4 neqoxecs (D)
  3 soldier ants (D)
  A crocodile (D)
  3 worms (D)
16 creatures vanquished.

Vanquished Creatures (others)
  Menkaure (D)
  A crocodile (D)
2 creatures vanquished.

Grand Total: 18 creatures vanquished

Notes
Turn   | Place    | Note
-------+----------+-------------------------------------------
     0 | D        | Osmon the Minotaur Berserker began the quest for the Orb.
     0 | D        | Reached XP level 1. HP: 19/19 MP: 0/0
     1 | D        | Noticed a neqoxec
     1 | D        | Noticed a neqoxec
     1 | D        | Noticed a neqoxec
     1 | D        | Noticed a neqoxec
     2 | D        | Noticed an iron imp
     2 | D        | Noticed an iron imp
     3 | D        | Killed a neqoxec
     3 | D        | Reached skill level 8 in Maces & Flails
     3 | D        | Reached XP level 2. HP: 35/35 MP: 1/1
     3 | D        | Reached XP level 3. HP: 40/40 MP: 2/2
     3 | D        | Reached XP level 4. HP: 48/48 MP: 3/3
     7 | D        | Gained mutation: You have an increased reservoir of magic. (+10% MP) [a neqoxec]
     8 | D        | Gained mutation: You evolve. [a neqoxec]
    10 | D        | Killed a neqoxec
    10 | D        | Reached skill level 9 in Maces & Flails
    10 | D        | Reached skill level 5 in Armour
    10 | D        | Reached XP level 5. HP: 58/58 MP: 4/4
    18 | D        | Killed a neqoxec
    18 | D        | Reached ** piety under Trog
    18 | D        | Reached skill level 10 in Fighting
    18 | D        | Reached skill level 10 in Maces & Flails
    18 | D        | Reached skill level 5 in Dodging
    18 | D        | Reached XP level 6. HP: 57/67 MP: 5/5
    30 | D        | Killed Menkaure
    31 | D        | Gained mutation: You are dopey. (Int -2) [a neqoxec]
    32 | D        | Killed a neqoxec
    32 | D        | Reached skill level 11 in Maces & Flails
   331 | D        | Reached XP level 7. HP: 71/74 MP: 6/6
   339 | D        | Reached *** piety under Trog
   353 | D        | Noticed a merfolk siren
   370 | D        | Killed a merfolk siren
   370 | D        | Reached skill level 12 in Maces & Flails
   378 | D        | Noticed a tyrant leech
   378 | D        | Noticed a tyrant leech
   393 | D        | Killed a tyrant leech
   393 | D        | Reached skill level 13 in Maces & Flails
   393 | D        | Reached XP level 8. HP: 69/85 MP: 7/7
   404 | D        | Killed a tyrant leech
   404 | D        | Reached **** piety under Trog
   647 | D        | Found Qeix's Distillery.
   647 | D        | Found Goilegex's Book Boutique.
   647 | D        | Found Dasesawk's Antique Armour Shop.
   647 | D        | Found Vatham Jix's Food Shop.
   647 | D        | Found Oratuafi's Food Boutique.
   647 | D        | Found Binoidue's Jewellery Boutique.
   647 | D        | Found Avery's Magic Scroll Shop.
   648 | D        | Found Noitumi's Jewellery Shop.
   649 | D        | Found Eqaedyeq's Assorted Antiques.
   649 | D        | Found Vaevuk's Antique Armour Boutique.
   649 | D        | Noticed an ice dragon
   650 | D        | Found Fomo's Gadget Boutique.
   651 | D        | Found Leziazuu's Antique Weapon Shop.
   651 | D        | Found Tomew's Distillery.
   651 | D        | Noticed an oklob plant
   652 | D        | Found Ytittor's Assorted Antiques.
   652 | D        | Found Cunit's Distillery.
   652 | D        | Found Zawiubis's Book Shoppe.
   662 | D        | Bought a ration for 55 gold pieces
   663 | D        | Bought a glowing plate armour for 676 gold pieces
   681 | D        | Noticed a manticore
   682 | D        | Noticed a manticore
   684 | D        | Noticed a manticore
   687 | D        | Bought a potion of heal wounds for 70 gold pieces
   687 | D        | Bought a potion of might for 56 gold pieces
   687 | D        | Bought a potion of heal wounds for 70 gold pieces
   712 | D        | Found an iron altar of Okawaru.
   712 | D        | Found an opulent altar of Gozag.
   713 | D        | Found a sparkling altar of Nemelex Xobeh.
   713 | D        | Found a blossoming altar of Fedhas.
   714 | D        | Found a radiant altar of Vehumet.
   714 | D        | Found a burning altar of Makhleb.
   714 | D        | Found a white marble altar of Elyvilon.
   715 | D        | Found a hide-covered altar of Uskayaw.
   715 | D        | Found a corrupted altar of Lugonu.
   715 | D        | Found a shadowy altar of Dithmenos.
   716 | D        | Found a glowing silver altar of Zin.
   716 | D        | Found a bloodstained altar of Trog.
   716 | D        | Found an ancient bone altar of Kikubaaqudgha.
   717 | D        | Found a basalt altar of Yredelemnul.
   717 | D        | Found a deep blue altar of Sif Muna.
   717 | D        | Found a viscous altar of Jiyva.
   718 | D        | Found a shimmering altar of Xom.
   718 | D        | Found a sacrificial altar of Ru.
   722 | D        | Noticed a slime creature
   722 | D        | Noticed a slime creature
   722 | D        | Noticed a slime creature
   733 | D        | Killed a large slime creature
   733 | D        | Reached skill level 14 in Maces & Flails
   735 | D        | Killed a slime creature
   748 | D        | Gained mutation: Your natural rate of healing is unusually fast. [evolution]
   811 | D        | Reached ***** piety under Trog
   811 | D        | Reached skill level 15 in Maces & Flails
   811 | D        | Reached XP level 9. HP: 96/96 MP: 8/8
   829 | D        | Noticed a deep elf master archer
   837 | D        | Noticed a death drake
   837 | D        | Noticed a death drake
   838 | D        | Noticed a crystal guardian
   849 | D        | HP: 2/94 [death drake/foul vapour (12)]
   850 | D        | Slain by a death drake

Skill      XL: |  1  2  3  4  5  6  7  8  9 |
---------------+----------------------------+-----
Fighting       | 8 9 10 11 12 14 | 14.6
Maces & Flails | 8 9 10 11 13 15 | 15.3
Armour         | 4 5 6 7 |  7.6
Dodging        | 4 5 6 7 8 9 |  9.1

Action                   |  1- 3 |  4- 6 |  7- 9 || total
-------------------------+-------+-------+-------++-------
Melee: Mace              |     1 |    28 |    82 ||   111
       Headbutt          |     1 |     4 |    14 ||    19
Invok: Berserk           |     1 |       |     3 ||     4
  Use: Potion            |       |     2 |     1 ||     3
  Eat: Ration            |       |       |     1 ||     1
       Chunk             |       |       |     1 ||     1
Armor: Animal skin       |       |     6 |       ||     6
       Plate armour      |       |       |    14 ||    14
Dodge: Dodged            |       |    27 |    17 ||    44
